 Dungeon Crawl Stone Soup version 0.29-a0-341-g24ffce5b50 (webtiles) character file.

Game seed: 17065347884281312721

39 jimonade the Insei (level 3, -1/18 HPs)
             Began as a Vine Stalker Transmuter on Apr 21, 2022.
             Succumbed to an adder's poison
             ... on level 2 of the Dungeon.
             The game lasted 00:03:47 (1809 turns).

jimonade the Insei (Vine Stalker Transmuter)        Turns: 1809, Time: 00:03:48

Health: -1/18      AC:  2    Str: 12    XL:     3   Next: 47%
Magic:  6/7        EV: 12    Int: 13    God:
Gold:   112        SH:  0    Dex: 16    Spells: 5/6 levels left

rFire   . . .      SeeInvis .     - Unarmed
rCold   . . .      Faith    .   (no shield)
rNeg    . . .      Spirit   +   a - +0 robe
rPois   .          Reflect  .   (helmet currently unavailable)
rElec   .          Harm     .   (no cloak)
rCorr   .          Rampage  .   (no gloves)
Will    .....                   (boots currently unavailable)
Stlth   +.........              (no amulet)
HPRegen 0.06/turn               (no ring)
MPRegen 0.10/turn               (no ring)

@: lethally poisoned (-1 -> -8), appendages (expiring)
A: horns 2, talons 2, fangs 2, magic shield, antimagic bite, no potion heal 2
a: End Transformation


You were on level 2 of the Dungeon.
You had temporarily grown beastly horns and talons.
You visited 1 branch of the dungeon, and saw 2 of its levels.

You collected 112 gold pieces.

Inventory:

Missiles
 k - 5 stones
 m - 2 poisoned darts (quivered)
Armour
 a - a +0 robe (worn)
Scrolls
 c - a scroll of teleportation {unknown}
 f - a scroll of holy word {unknown}
 g - a scroll of fog {unknown}
 j - a scroll of identify {unknown}
Potions
 b - 3 potions of lignification
 d - a potion of curing {unknown}
 e - a potion of mutation {unknown}
 h - a potion of ambrosia {unknown}
 i - a potion of haste {unknown}
 l - a potion of heal wounds {unknown}
 n - a potion of magic {unknown}


   Skills:
 + Level 1.3 Fighting
 + Level 1.8 Dodging
 + Level 3.5 Unarmed Combat
 + Level 2.4 Spellcasting
 + Level 2.4 Transmutations


You had 5 spell levels left.
You knew the following spells:

 Your Spells              Type           Power      Damage    Failure   Level
a - Beastly Appendage     Tmut           16%        N/A       9%          1

Your spell library contained the following spells:

 Spells                   Type           Power      Damage    Failure   Level
 Wereblood                Tmut           8%         N/A       13%         2
 Sting                    Tmut/Pois      16%        1d3       14%         1
 Poisonous Vapours        Pois/Air       2%         N/A       36%         2
 Spider Form              Tmut/Pois      4%         N/A       41%         3
 Ice Form                 Ice/Tmut       4%         N/A       82%         4
 Olgreb's Toxic Radiance  Pois           1%         N/A       94%         4


Dungeon Overview and Level Annotations

Branches:
Dungeon (2/15)

Altars:


Innate Abilities, Weirdness & Mutations

You have temporarily grown beastly horns and talons.
You have extremely sharp teeth.
When hurt, damage is shared between your health and your magic reserves.
Your bite disrupts and absorbs the magic of your enemies.
Potions cannot restore your health.


Message History

You miss the adder. Your bite misses the adder.
You feel sick. The adder bites you but does no damage.
You closely miss the adder. Your headbutt misses the adder.
Your bite misses the adder.
You feel sick. The adder closely misses you. The adder barely misses you.
You barely miss the adder. You claw the adder, but do no damage.
You feel sick.
The adder looks more healthy.
The adder barely misses you.
You closely miss the adder. Your kick misses the adder. You headbutt the adder.
You bite the adder. You drain its power.
You feel invigorated.
The adder is severely wounded.
You feel sick. The adder bites you.
You hit the adder but do no damage. Your bite misses the adder.
The adder is severely wounded.
You feel sick. The adder bites you.
You are more poisoned.
The adder poisons you!
You miss the adder.
The adder is severely wounded.
Your transformation is almost over.
You feel sick. The adder bites you. The adder closely misses you.
You hit the adder.
You kill the adder!
* * * LOW HITPOINT WARNING * * *
You feel sick.
The goblin looks more healthy.
The adder barely misses you.
You hit the adder. Your kick misses the adder. You headbutt the adder.
You bite the adder. You drain its power.
You feel invigorated.
The adder is heavily wounded.
* * * LOW HITPOINT WARNING * * *
You feel sick. The adder bites you.
* * * LOW HITPOINT WARNING * * *
You are more poisoned.
The adder poisons you!
You hit the adder but do no damage.
The adder is heavily wounded.
* * * LOW HITPOINT WARNING * * *
You feel sick. The adder closely misses you.
You closely miss the adder. Your kick misses the adder.
Your bite misses the adder.
The adder is heavily wounded.
You die...

.......................
.........##.###...###..
.........##.##.........
.........##.###..####.#
.##......##....†.......
.##......######..######
.#####...# #..# .#
#...# #?######## .#
#...# #.@Sg...(( .#
##### ######.##. .# .#
##


You could see an adder and a goblin.

Vanquished Creatures
  An adder (D:2)
  A dart slug (D:2)
  4 ball pythons
  2 bats
  An endoplasm (D:1)
  2 giant cockroaches (D:1)
  A goblin (D:2)
  3 hobgoblins
  2 jackals (D:1)
  2 kobolds
  2 quokkas
  2 frilled lizards
  3 rats
26 creatures vanquished.

Notes
Turn   | Place    | Note
-------+----------+-------------------------------------------
     0 | D:1      | jimonade the Vine Stalker Transmuter began the quest for
                  | the Orb.
     0 | D:1      | Reached XP level 1. HP: 9/9 MP: 4/4
   560 | D:1      | Reached XP level 2. HP: 13/14 MP: 3/6
   612 | D:1      | Reached skill level 1 in Fighting
  1576 | D:2      | Reached XP level 3. HP: 14/18 MP: 4/7
  1809 | D:2      | Succumbed to an adder's poison

Illustrated notes

Levels and vault maps discovered:
D:1:      lightli_arrival_boilingwater, layout_loops_cross
D:2:      layout_basic, dreamdust_princess_bridge

Skill      XL: |  1  2 |
---------------+-------+-----
Fighting       | 1 |  1.3
Dodging        | |  1.8
Unarmed Combat | |  3.5
Spellcasting   | |  2.4
Transmutations | |  2.4

Action                   || total
-------------------------++-------
Melee: Unarmed           ||    76
       Headbutt          ||    14
       Bite              ||    14
       Kick              ||    13
Throw: Dart              ||     3
 Cast: Beastly Appendage ||    24
 Stab: Sleeping          ||     1
Armor: Robe              ||    14
Dodge: Dodged            ||    59

Table legend: (Time is in decaauts)
 A = Elapsed time spent in this place.
 B = Non-inter-level travel time spent in this place.
 C = Inter-level travel time spent in this place.
 D = Time resting spent in this place.
 E = Time spent auto-exploring this place.
 F = Levels seen in this place.
 G = Mean time per level.
                   A        B        C        D        E       F      G
               +--------+--------+--------+--------+--------+-----+--------+
         Total |   1811 |   1792 |     19 |    249 |   1266 |   2 |  905.5 |
       Dungeon |   1811 |   1792 |     19 |    249 |   1266 |   2 |  905.5 |
               +--------+--------+--------+--------+--------+-----+--------+

Top non-repeatable levels by time:
     D:1: 1363 daAuts
     D:2: 448 daAuts
